 Dungeon Crawl Stone Soup version 0.18.1-48-g4cf74bf (webtiles) character file.

310 Krapule the Shield-Bearer (level 6, 0/43 HPs)
             Began as a Halfling Fighter on July 9, 2016.
             Slain by a water moccasin skeleton (4 damage)
             ... on level 4 of the Dungeon.
             The game lasted 00:07:15 (2499 turns).

Krapule the Shield-Bearer (Halfling Fighter)        Turns: 2499, Time: 00:07:16

Health: 0/43       AC: 13    Str: 18    XL:     6   Next: 70%
Magic:  6/6        EV:  6    Int:  7    God:
Gold:   68         SH: 10    Dex: 14    Spells: 0 memorised, 5 levels left

rFire  . . .     SeeInvis .     a - +0 long sword
rCold  . . .     Gourm    .     x - +0 plate armour
rNeg   . . .     Faith    .     c - +0 shield
rPois  .         Spirit   .     (no helmet)
rElec  .         Dismiss  .     (no cloak)
rCorr  .         Reflect  .     y - +0 pair of gloves
SustAt .         Harm     .     (no boots)
MR     .....                    (no amulet)
Stlth  ..........               (no ring)
                                (no ring)

@: not resistant to hostile enchantments, extremely unstealthy
A: mutation resistance 1
a: no special abilities


You were on level 4 of the Dungeon.
You were hungry.

You visited 1 branch of the dungeon, and saw 4 of its levels.

You collected 68 gold pieces.

Inventory:

Hand Weapons
 a - a +0 long sword (weapon)
Armour
 b - a +0 scale mail
 c - a +0 shield (worn)
 x - a +0 plate armour (worn)
 y - a +0 pair of gloves (worn)
Jewellery
 A - an uncursed ring of fire {unknown}
Scrolls
 e - a scroll of enchant weapon {unknown}
 h - 2 scrolls of remove curse {unknown}
 i - 2 scrolls of identify {unknown}
 k - a scroll of enchant armour {unknown}
 m - a scroll of fear {unknown}
 q - a scroll of noise {unknown}
 r - 2 scrolls of random uselessness {unknown}
 v - 2 scrolls of fog {unknown}
 w - 2 scrolls of blinking {unknown}
Potions
 d - a potion of might
 l - a potion of lignification
 n - a potion of cancellation {unknown}
 o - a potion of flight {unknown}
 p - a potion of magic {unknown}
 s - a potion of degeneration {unknown}
 u - a potion of resistance {unknown}
 z - a potion of brilliance {unknown}
Comestibles
 f - 5 bread rations
 g - 5 meat rations
 t - 3 fruits


   Skills:
 + Level 3.8 Fighting
 + Level 3.2 Long Blades
 + Level 4.4 Armour
 + Level 2.5 Dodging
 + Level 4.6 Shields


You had 5 spell levels left.
You didn't know any spells.

Dungeon Overview and Level Annotations

Branches:
Dungeon (4/15)
 Temple: D:4-7

Altars:
Makhleb
Nemelex Xobeh
Sif Muna
Trog


Innate Abilities, Weirdness & Mutations

You are small and have problems with some larger weapons.
You are somewhat resistant to further mutation.


Message History

You slash the centaur skeleton!
You destroy the centaur skeleton!
You hit the water moccasin skeleton.
The water moccasin skeleton bites you but does no damage.
You block the water moccasin skeleton's attack.
You hit the water moccasin skeleton.
You block the water moccasin skeleton's attack.
You hit the water moccasin skeleton.
The water moccasin skeleton bites you but does no damage.
The water moccasin skeleton bites you.
* * * LOW HITPOINT WARNING * * *
You slash the water moccasin skeleton! The water moccasin skeleton bites you.
* * * LOW HITPOINT WARNING * * *
You block the water moccasin skeleton's attack.
You closely miss the water moccasin skeleton.
The water moccasin skeleton bites you but does no damage.
You hit the water moccasin skeleton. The water moccasin skeleton bites you.
* * * LOW HITPOINT WARNING * * *
The water moccasin skeleton bites you.
You die...

#...........<.#
#.#####.......#
#..####........#
.....##.......... #
.....##.......###. .#
.....##..Z....## ..#..#
.....##........# .....
###.##########.###......
#.#########..Z@.....#.
#.......†....####.....
#.............###..!.#
#..........##[†.......
#.................###.
#......(...####..##
#..........# ..#
##..###.#### ..# #..#
..# ...


You could see a water moccasin skeleton.

Vanquished Creatures
  The ghost of meme the Magician, an amateur DEAE of Jiyva (D:4)
  A centaur skeleton (D:4)
  3 adders (D:3)
  2 worms
  3 giant geckos (D:1)
  5 orcs (D:3)
  3 giant cockroaches
  5 goblins
  7 hobgoblins
  5 jackals
  7 kobolds
  2 quokkas (D:3)
  2 ball pythons
  A ball python skeleton (D:4)
  3 bats (D:1)
  6 giant newts
  5 rats
61 creatures vanquished.

Vanquished Creatures (others)
  An orc wizard (D:3)
1 creature vanquished.

Grand Total: 62 creatures vanquished

Notes
Turn   | Place    | Note
--------------------------------------------------------------
     0 | D:1      | Krapule the Halfling Fighter began the quest for the Orb.
     0 | D:1      | Reached XP level 1. HP: 15/15 MP: 1/1
    59 | D:1      | Reached XP level 2. HP: 9/20 MP: 2/2
   551 | D:1      | Reached XP level 3. HP: 26/26 MP: 3/3
   821 | D:2      | Found a sparkling altar of Nemelex Xobeh.
   842 | D:2      | Reached skill level 1 in Dodging
  1107 | D:2      | Found a burning altar of Makhleb.
  1115 | D:2      | Found a deep blue altar of Sif Muna.
  1115 | D:2      | Found a bloodstained altar of Trog.
  1389 | D:3      | Reached XP level 4. HP: 29/31 MP: 4/4
  2110 | D:3      | Reached XP level 5. HP: 8/36 MP: 5/5
  2401 | D:4      | Noticed meme's ghost (amateur DEAE)
  2482 | D:4      | Killed meme's ghost
  2482 | D:4      | Reached XP level 6. HP: 16/43 MP: 6/6
  2499 | D:4      | Slain by a water moccasin skeleton

Skill      XL: |  1  2  3  4  5 |
---------------+----------------+-----
Fighting       | 3 |  3.8
Dodging        | 1 2 |  2.5
Shields        | 4 |  4.6
Armour         | 4 |  4.4
Long Blades    | 3 |  3.2

Action                   |  1- 3 |  4- 6 || total
-------------------------+-------+-------++-------
Melee: Long sword        |   123 |   192 ||   315
  Use: Potion            |       |     2 ||     2
  Eat: Chunk             |       |     5 ||     5
Armor: Scale mail        |    46 |       ||    46
       Plate armour      |     7 |    85 ||    92
       Skin              |       |    28 ||    28
Dodge: Dodged            |    34 |    26 ||    60
Block: Shield            |    56 |    94 ||   150
